 Dungeon Crawl Stone Soup version 0.26.0-11-g8f856b5395 (webtiles) character file.

Game seed: 13249492233951831704

101 lessens the Insei (level 5, -1/29 HPs)
             Began as a Kobold Transmuter on Jan 14, 2021.
             Engulfed by a cloud of flame (21 damage)
             ... on level 3 of the Dungeon.
             The game lasted 00:04:09 (3118 turns).

lessens the Insei (Kobold Transmuter)               Turns: 3118, Time: 00:04:10

Health: -1/29      AC:  2    Str:  9    XL:     5   Next: 4%
Magic:  8/8        EV: 16    Int: 14    God:
Gold:   165        SH:  0    Dex: 15    Spells: 2/8 levels left

rFire    . . .     SeeInvis .     - Unarmed
rCold    . . .     Faith    .   (shield restricted)
rNeg     . . .     Spirit   .   a - +0 robe
rPois    .         Reflect  .   (no helmet)
rElec    .         Harm     .   (no cloak)
rCorr    .         Rampage  .   (no gloves)
Will     .....                  (no boots)
Stlth    ++........             (no amulet)
HPRegen  0.09/turn              (no ring)
MPRegen  0.11/turn              (no ring)

@: no status effects
A: small, nightstalker 3
a: no special abilities


You were on level 3 of the Dungeon.
You visited 1 branch of the dungeon, and saw 3 of its levels.

You collected 165 gold pieces.

Inventory:

Missiles
 d - 78 stones
 h - 28 arrows
 o - 6 poisoned darts
Armour
 a - a +0 robe (worn)
Jewellery
 j - an uncursed ring of protection from fire {unknown}
 k - a +4 ring of evasion {unknown}
Scrolls
 b - 3 scrolls of remove curse {unknown}
 c - 3 scrolls of amnesia {unknown}
 e - a scroll of noise {unknown}
 f - a scroll of enchant weapon {unknown}
 i - a scroll of teleportation {unknown}
 m - 2 scrolls of identify {unknown}
Potions
 g - a potion of might {unknown}
 l - a potion of lignification {unknown}
 n - a potion of mutation {unknown}


   Skills:
 - Level 1.1 Fighting
 + Level 3.8 Dodging
 * Level 4.7 Unarmed Combat
 - Level 2.1 Spellcasting
 - Level 2.0 Transmutations


You had 2 spell levels left.
You knew the following spells:

 Your Spells              Type           Power        Failure   Level
a - Beastly Appendage     Tmut           14%          11%         1
b - Wereblood             Tmut           7%           16%         2
c - Spider Form           Tmut/Pois      2%           43%         3

Your spell library contained the following spells:

 Spells                   Type           Power        Failure   Level
 Ice Form                 Ice/Tmut       4%           83%         4
 Blade Hands              Tmut           3%           96%         5


Dungeon Overview and Level Annotations

Branches:
Dungeon (3/15)

Altars:
Vehumet


Innate Abilities, Weirdness & Mutations

You are small and have problems with some larger weapons.
You are completely attuned to the shadows.


Message History

The kobold closely misses you. The orc misses you.
You closely miss the orc. You claw the orc. Your headbutt misses the orc.
The orc is almost dead.
The kobold hits you with a +0 dagger. The orc misses you.
You hit the orc.
You kill the orc!
The kobold completely misses you.
You punch the kobold!
You kill the kobold!
Things that are here:
a +0 trident; a +0 leather armour; an orc corpse
o - 6 poisoned darts Really walk into a travel-excluded area?
Your horns disappear.
Your talons disappear.
m - 2 scrolls labelled MIVASEMEDO (gained 1) Really walk into a travel-excluded area?
You see here a +0 dagger.
You are engulfed in blazing flames.
Ouch! That really hurt!
You die...

.........<.†..#
.......#......# ..
.......#..###.# ...
.......##.# #.####...
.......##.###.##..○..
.......##..##....☼...
........##..##..☼._..
..........#.##)).§○§§
##..........###.@.?..
.............##..##
........###.....#
.....[......#...#
....#.........
#######.


There were no monsters in sight!

Vanquished Creatures
  3 gnolls (D:2)
  An adder (D:3)
  An ooze (D:2)
  3 dart slugs
  An orc (D:3)
  5 giant cockroaches
  4 goblins
  5 hobgoblins
  3 jackals (D:2)
  4 kobolds
  A quokka (D:3)
  9 bats
  2 frilled lizards (D:1)
  9 rats
51 creatures vanquished.

Vanquished Creatures (others)
  2 orcs (D:3)
  A kobold (D:3)
3 creatures vanquished.

Grand Total: 54 creatures vanquished

Notes
Turn   | Place    | Note
-------+----------+-------------------------------------------
     0 | D:1      | lessens the Kobold Transmuter began the quest for the Orb.
     0 | D:1      | Reached XP level 1. HP: 12/12 MP: 3/3
   221 | D:1      | Reached XP level 2. HP: 14/16 MP: 5/5
   757 | D:1      | Reached XP level 3. HP: 20/20 MP: 4/6
  1463 | D:2      | Learned a level 2 spell: Wereblood
  1554 | D:2      | Reached skill level 4 in Unarmed Combat
  2073 | D:2      | Reached XP level 4. HP: 24/25 MP: 5/7
  2077 | D:2      | Learned a level 3 spell: Spider Form
  2901 | D:3      | Reached XP level 5. HP: 22/29 MP: 6/8
  3099 | D:3      | Found a radiant altar of Vehumet.
  3118 | D:3      | Engulfed by a cloud of flame

Illustrated notes

Levels and vault maps discovered:
D:1:      dpeg_arrival_concentric_ovals, layout_basic
D:2:      layout_loops_ring
D:3:      layout_rooms, fiery_altar_vehumet, fedhas_altar_2

Skill      XL: |  1  2  3 |
---------------+----------+-----
Dodging        | 3 |  3.8
Unarmed Combat | 4 |  4.7
Fighting       | |  1.1
Spellcasting   | |  2.1
Transmutations | |  2.0

Action                   |  1- 3 |  4- 6 || total
-------------------------+-------+-------++-------
Melee: Unarmed           |    98 |    60 ||   158
       Headbutt          |     9 |     4 ||    13
       Kick              |    13 |     8 ||    21
       Punch             |       |     1 ||     1
 Cast: Beastly Appendage |    26 |    12 ||    38
  Use: Potion            |       |     2 ||     2
 Stab: Sleeping          |     8 |     2 ||    10
Armor: Robe              |    21 |     9 ||    30
Dodge: Dodged            |    84 |    60 ||   144
